 Dungeon Crawl Stone Soup version 0.18-a0-1203-gbde16db (webtiles) character file.

9751 M4edhros the Spear-Bearer (level 11, 0/75 HPs)
             Began as an Octopode Berserker on Jan 31, 2016.
             Was a High Priest of Trog.
             Slain by a troll (13 damage)
             ... on level 12 of the Dungeon.
             The game lasted 00:21:45 (9226 turns).

M4edhros the Spear-Bearer (Octopode Berserker)      Turns: 9226, Time: 00:21:46

Health: 0/75       AC:  7    Str: 16    XL:     11   Next: 51%
Magic:  6/6        EV: 16    Int:  8    God:    Trog [*****.]
Gold:   94         SH:  2    Dex: 15    Spells: 0 memorised, 10 levels left

rFire  + + +     SeeInvis .     X - +4 glaive (chop)
rCold  x x .     Gourm    .     (shield currently unavailable)
rNeg   . . .     Faith    +     (helmet restricted)
rPois  .         Spirit   .     V - amulet of faith
rElec  .         Dismiss  .     p - ring of fire
rCorr  .         Reflect  .     C - +4 ring of protection
SustAt .         Harm     .     K - ring of fire
MR     +....                    v - ring "Suetymoa" {rF+ MP-9 Slay+5}
Stlth  ++........               a - ring of protection from magic
                                (no ring)
                                (no ring)
                                (no ring)

@: somewhat resistant to hostile enchantments, unstealthy
A: almost no armour, amphibious, 8 rings, constrict 8, large bone plates 1,
camouflage 1, dopey 1, mutation resistance 1, gelatinous body 1
a: Berserk, Trog's Hand, Brothers in Arms, Burn Spellbooks, Renounce Religion


You were on level 12 of the Dungeon.
You worshipped Trog.
Trog was extremely pleased with you.
You were hungry.

You visited 1 branch of the dungeon, and saw 12 of its levels.

You collected 874 gold pieces.
You spent 780 gold pieces at shops.

Inventory:

Hand Weapons
 h - the +5 dagger of Wondrous Power {freeze, rC+ SInv}
   (You found it on level 5 of the Dungeon)

   It has been specially enchanted to freeze those struck by it, causing extra
   injury to most foes and up to half again as much damage against particularly
   susceptible opponents.
   It can also slow down cold-blooded creatures.
   It protects you from cold.
   It lets you see invisible.
 N - a +3 antimagic trident
 X - a +4 glaive of chopping (weapon)
Missiles
 n - 466 stones
 x - 106 sling bullets
 F - 3 tomahawks of returning (quivered)
Rods
 Z - a +4 rod of clouds (6/11)
   (You acquired it on level 8 of the Dungeon)
Jewellery
 a - a ring of protection from magic (on tentacle)
 p - a ring of fire (left tentacle)
 v - the ring "Suetymoa" (on tentacle) {rF+ MP-9 Slay+5}
   (You found it on level 8 of the Dungeon)

   [ring of protection from fire]

   It affects your accuracy and damage with ranged weapons and melee attacks
   (+5).
   It protects you from fire.
   It affects your magic capacity (-9).
 y - an uncursed amulet of guardian spirit
 C - a +4 ring of protection (right tentacle)
 K - a ring of fire (on tentacle)
 V - an amulet of faith (around mantle)
Wands
 o - a wand of flame (36/48)
 r - a wand of slowing (29/48)
 u - a wand of fireball (10/15)
 z - a wand of polymorph (18/24)
 D - a wand of fireball (7/15)
 H - a wand of teleportation (1/9)
 I - a wand of draining (11/15)
 J - a wand of slowing (0/48)
 Q - a wand of flame (11/48)
 R - a wand of disintegration (6/24)
 T - a wand of disintegration (9/24)
Scrolls
 c - 15 scrolls of identify {unknown}
 d - 4 scrolls of noise {unknown}
 g - a scroll of amnesia {unknown}
 k - 3 scrolls of teleportation {unknown}
 l - a scroll of enchant weapon {unknown}
 m - 4 scrolls of magic mapping {unknown}
 s - a scroll of enchant armour {unknown}
 t - 3 scrolls of remove curse {unknown}
 B - a scroll of blinking {unknown}
 L - 2 scrolls of fear
 U - 3 scrolls of vulnerability
 Y - a scroll of holy word {unknown}
Potions
 f - 3 potions of curing
 q - a potion of might
 A - a potion of heal wounds
 G - a potion of magic {unknown}
 O - a potion of agility
 W - 2 potions of brilliance {unknown}
Books
 e - a book of Death

   Spells                             Type                      Level
   a - Corpse Rot                     Necromancy                   2
   b - Sublimation of Blood           Necromancy                   2
   c - Agony                          Necromancy                   5
   d - Dispel Undead                  Necromancy                   5
   e - Excruciating Wounds            Charms/Necromancy            5
   f - Bolt of Draining               Conjuration/Necromancy       5
   Trog disapproves of the use of such an item.
 P - a book of Cantrips

   Spells                             Type                      Level
   a - Corona                         Hexes                        1
   b - Animate Skeleton               Necromancy                   1
   c - Summon Small Mammal            Summoning                    1
   d - Apportation                    Translocation                1
   Trog disapproves of the use of such an item.
Comestibles
 b - 6 bread rations
 i - a royal jelly
 j - 7 fruits
 w - 4 slices of pizza
 M - 2 beef jerkies
 S - 2 meat rations


   Skills:
 + Level 7.3 Fighting
 + Level 13.9 Polearms
 + Level 6.9 Dodging
 * Level 6.0 Evocations


You had 10 spell levels left.
You didn't know any spells.

Dungeon Overview and Level Annotations

Branches:
Dungeon (11/15)            Temple (0/1) D:4            Lair (0/8) D:9
    Orc (0/2) D:10

Altars:
Ashenzari
Cheibriados
Makhleb
Nemelex Xobeh
Pakellas
Qazlal
Ru
Sif Muna
Vehumet
Xom
Yredelemnul
Zin

Shops:
D:3 *   D:8 ?


Innate Abilities, Weirdness & Mutations

You cannot wear most types of armour.
You are amphibious.
You can wear up to eight rings at the same time.
You can use your tentacles to constrict eight enemies at once.
Your skin changes colour to match your surroundings (Stealth).
Your rubbery body absorbs attacks (AC +1).
You are partially covered in large bone plates (AC +2, SH +2).
You are dopey. (Int -2)
You are somewhat resistant to further mutation.


Message History

The centaur closely misses you.
The centaur wields a shortbow.
The centaur shoots an arrow.
The arrow hits you but does no damage.
You see here an arrow.
The centaur wields an uncursed shortbow.
The centaur shoots an arrow.
The arrow hits you but does no damage.
The centaur shoots an arrow.
The arrow hits you.
* * * LOW HITPOINT WARNING * * *
The centaur shoots an arrow.
The arrow closely misses you.
Things that are here:
2 arrows; 2 chunks of flesh The centaur shoots an arrow.
The arrow hits you!
* * * LOW HITPOINT WARNING * * *
The centaur shoots an arrow.
The arrow barely misses you.
You see here an arrow.
The centaur shoots an arrow.
The arrow misses you.
You see here an arrow.
Your ogre goes berserk!
You feel somewhat more hungry. The troll bites you but does no damage.
The troll claws you!
You die...

########
#......#
#......####
#.....##..##
#....O@Tc(.#
#.....##Fc.#
#.....##(c##
#.....##((##
#.)...#..c(#
########cc.#
#.....##≈>.#
#.....'.s..#
#.....##§§##


You could see a troll, a giant frog, 3 centaurs and a friendly ogre (berserk).

Vanquished Creatures
  A centaur warrior (D:8)
  Pikel (D:6)
  A hill giant (D:11)
  2 centaur skeletons
  A gargoyle (D:10)
  A troll (D:10)
  Sigmund (D:4)
  A vampire (D:11)
  A wyvern (D:8)
  A hungry ghost (D:4)
  A hippogriff (D:9)
  Menkaure (D:6)
  A mottled dragon (D:8)
  2 orc warriors
  6 sky beasts
  2 slaves (D:6)
  4 black bears
  An ice beast (D:6)
  A necrophage (D:9)
  An eye of draining (D:8)
  A phantom (D:8)
  8 ogres
  4 centaurs
  A crocodile (D:11)
  2 big kobolds (D:8)
  12 giant frogs
  A wyvern skeleton (D:8)
  2 scorpions
  10 killer bees
  4 wights (D:8)
  4 crimson imps
  5 giant frog skeletons
  2 centaur zombies
  2 hounds
  2 gnoll shamans (D:6)
  7 orc priests
  2 jellies
  6 orc wizards
  4 iguanas
  14 worker ants
  A killer bee simulacrum (D:8)
  A hound skeleton (D:6)
  6 gnolls (D:6)
  17 adders
  5 shadow imps
  3 oozes
  An adder zombie (D:9)
  2 adder skeletons
  3 worms
  5 giant geckos
  45 orcs
  2 ball pythons (D:1)
  7 bats
  9 giant cockroaches
  8 goblins
  9 hobgoblins
  16 jackals
  6 kobolds
  7 quokkas
  A giant gecko skeleton (D:6)
  4 giant newts
  A jackal skeleton (D:4)
  A quokka skeleton (D:9)
  A quokka zombie (D:8)
  8 rats
293 creatures vanquished.

Vanquished Creatures (collateral kills)
  3 killer bees (D:7)
  An orc priest (D:7)
4 creatures vanquished.

Vanquished Creatures (others)
  A giant frog (D:6)
1 creature vanquished.

Grand Total: 298 creatures vanquished

Notes
Turn   | Place    | Note
--------------------------------------------------------------
     0 | D:1      | M4edhros the Octopode Berserker began the quest for the Orb.
     0 | D:1      | Reached XP level 1. HP: 16/16 MP: 1/1
    67 | D:1      | Reached XP level 2. HP: 10/21 MP: 2/2
   690 | D:1      | Reached skill level 4 in Polearms
   765 | D:1      | Reached XP level 3. HP: 26/26 MP: 3/3
   847 | D:1      | Reached ** piety under Trog
  1361 | D:2      | Reached XP level 4. HP: 16/31 MP: 4/4
  1404 | D:2      | Reached skill level 5 in Polearms
  1567 | D:2      | Found a basalt altar of Yredelemnul.
  1935 | D:3      | Reached *** piety under Trog
  1935 | D:3      | Reached XP level 5. HP: 31/36 MP: 5/5
  1983 | D:3      | Found Zin's Purification Station.
  1983 | D:3      | Found a glowing silver altar of Zin.
  1985 | D:3      | Found a radiant altar of Vehumet.
  2047 | D:3      | Reached skill level 6 in Polearms
  2140 | D:3      | Found a deep blue altar of Sif Muna.
  2252 | D:3      | Found a shimmering altar of Xom.
  2400 | D:3      | Noticed a sky beast
  2442 | D:3      | Killed a sky beast
  2442 | D:3      | Reached XP level 6. HP: 4/42 MP: 0/6
  2603 | D:4      | Reached skill level 7 in Polearms
  2612 | D:4      | Noticed a hungry ghost
  2615 | D:4      | Noticed Sigmund
  2773 | D:4      | Killed a hungry ghost
  2773 | D:4      | Reached XP level 7. HP: 37/46 MP: 5/7
  2794 | D:4      | Killed Sigmund
  2794 | D:4      | Reached skill level 8 in Polearms
  3165 | D:4      | Found a burning altar of Makhleb.
  3199 | D:4      | Reached skill level 9 in Polearms
  3483 | D:4      | Reached XP level 8. HP: 24/52 MP: 4/8
  3518 | D:4      | Found a staircase to the Ecumenical Temple.
  3651 | D:4      | Reached **** piety under Trog
  3804 | D:5      | Entered Level 5 of the Dungeon
  3804 | D:5      | Found a stormy altar of Qazlal.
  4060 | D:5      | Found a snail-covered altar of Cheibriados.
  4069 | D:5      | Reached skill level 10 in Polearms
  4077 | D:5      | Got a shimmering dagger
  4078 | D:5      | Identified the +5 dagger of Wondrous Power {freeze, rC+ SInv} (You found it on level 5 of the Dungeon)
  4130 | D:5      | Found a sacrificial altar of Ru.
  4383 | D:6      | Found a sparkling altar of Nemelex Xobeh.
  4669 | D:6      | Reached skill level 11 in Polearms
  4741 | D:6      | Reached XP level 9. HP: 18/56 MP: 5/9
  4745 | D:6      | Gained mutation: You are somewhat resistant to further mutation. [mutagenic meat]
  4796 | D:6      | Noticed Menkaure
  4801 | D:6      | Killed Menkaure
  4812 | D:6      | Reached ***** piety under Trog
  4871 | D:6      | Noticed Pikel
  4952 | D:6      | Killed Pikel
  4952 | D:6      | Reached skill level 12 in Polearms
  5565 | D:7      | Received a gift from Trog
  6273 | D:7      | Found a shattered altar of Ashenzari.
  6388 | D:7      | Reached skill level 13 in Polearms
  6669 | D:8      | Reached XP level 10. HP: 38/65 MP: 1/10
  6677 | D:8      | Noticed a centaur warrior
  6690 | D:8      | Killed a centaur warrior
  6690 | D:8      | Reached skill level 5 in Fighting
  6695 | D:8      | Reached skill level 5 in Dodging
  6745 | D:8      | Got a scorched granite ring
  6746 | D:8      | Identified the ring "Suetymoa" {rF+ MP-9 Slay+5} (You found it on level 8 of the Dungeon)
  6831 | D:8      | Gained mutation: You are dopey. (Int -2) [potion of mutation]
  6831 | D:8      | Gained mutation: You are partially covered in large bone plates (AC +2, SH +2). [potion of mutation]
  6914 | D:8      | Found a snail-covered altar of Cheibriados.
  7004 | D:8      | Found Hibar's Magic Scroll Boutique.
  7145 | D:8      | Reached skill level 1 in Evocations
  7538 | D:9      | Found an oddly glowing altar of Pakellas.
  7856 | D:9      | Found a staircase to the Lair.
  7915 | D:9      | Reached XP level 11. HP: 74/74 MP: 1/13
  8120 | D:10     | Entered Level 10 of the Dungeon
  8145 | D:10     | Found an oddly glowing altar of Pakellas.
  8208 | D:10     | Found a staircase to the Orcish Mines.
  8362 | D:10     | Received a gift from Trog
  8481 | D:10     | Reached skill level 5 in Evocations
  8963 | D:8      | Bought a scroll of acquirement for 780 gold pieces
  8965 | D:8      | Identified a +3 rod of clouds (9/9) (You acquired it on level 8 of the Dungeon)
  9046 | D:11     | Noticed a hill giant
  9055 | D:11     | Killed a hill giant
  9163 | D:11     | You fall through a shaft!
  9226 | D:12     | Slain by a troll

Vault maps used:
D:1:      onia_arrival_handbag
D:2:      kennysheep_big_flooded_room, lemuel_doored_altar, minmay_cut_off
D:3:      lemuel_blue_sif_altar, zin_purify, grunt_temple_overflow_open,
          first_bread
D:4:      lightli_temple_of_fire, kennysheep_vampire_church,
          kennysheep_mini_moat, minmay_temple_entry_poolview, uniq_sigmund
D:5:      grunt_qazlal_sundering, nicolae_overflow_crystal_walls, basic_altar
D:6:      kennysheep_little_box, uniq_menkaure, uniq_pikel
D:7:      kennysheep_mini
D:8:      hangedman_cross_cluster, slow_altar_1, serial_shops, shop_fountains
D:9:      overflow_temple_1_default, lair_0_dummy
D:10:     orc_0_dummy, serial_corexii_hall, corexii_hall_statues_i,
          corexii_hall_statues_l, basic_altar

Action                   |  1- 3 |  4- 6 |  7- 9 | 10-12 || total
-------------------------+-------+-------+-------+-------++-------
Melee: Spear             |    84 |       |       |       ||    84
       Trident           |     6 |   144 |    24 |   212 ||   386
       Scythe            |       |       |   172 |       ||   172
       Dagger            |       |       |    47 |       ||    47
       Glaive            |       |       |       |    70 ||    70
Throw: Tomahawk          |       |       |     4 |       ||     4
       Stone             |       |       |     1 |       ||     1
Invok: Berserk           |       |     1 |     1 |     3 ||     5
       Trog's Hand       |       |       |     1 |     1 ||     2
       Brothers in Arms  |       |       |     1 |     1 ||     2
Evoke: Wand              |       |       |     2 |     7 ||     9
       Rod               |       |       |       |     1 ||     1
  Use: Potion            |       |     8 |       |    14 ||    22
       Scroll            |       |       |       |     5 ||     5
 Stab: Sleeping          |     9 |    12 |    11 |    14 ||    46
       Distracted        |       |     1 |     1 |     2 ||     4
       Invisible         |       |       |       |     7 ||     7
  Eat: Chunk             |       |     6 |    18 |    12 ||    36
       Beef jerky        |       |     1 |       |       ||     1
       Meat ration       |       |       |       |     1 ||     1
